 Dungeon Crawl Stone Soup version 0.30-a0-793-g160f7cfddd (webtiles) character file.

Game seed: 9863547086865066634

3625 cheesebisquit the Fighter (level 9, 57/86 HPs)
             Began as a Minotaur Berserker on Feb 19, 2023.
             Was a Priest of Trog.
             Quit the game on level 8 of the Dungeon.
             The game lasted 00:23:43 (5983 turns).

cheesebisquit the Fighter (Minotaur Berserker)      Turns: 5983, Time: 00:23:43

Health: 57/86      AC: 23    Str: 25    XL:     9   Next: 87%
Magic:  8/8        EV:  8    Int:  4    God:    Trog [***...]
Gold:   464        SH:  0    Dex: 11    Spells: 8/8 levels left

rFire   . . .      SeeInvis .    M - +3 battleaxe (heavy)
rCold   . . .      Faith    .    (shield currently unavailable)
rNeg    . . .      Spirit   .    z - +0 plate armour
rPois   .          Reflect  .    (helmet restricted)
rElec   .          Harm     .    i - +0 cloak
rCorr   +          Rampage  .    (no gloves)
Will    .....                    N - +2 pair of boots Stlth
                                 (no amulet)
HPRegen 0.34/turn                C - +4 ring of protection
MPRegen 0.11/turn                G - ring of resist corrosion

@: no status effects
A: horns 2, retaliatory headbutt
a: Renounce Religion, Berserk, Trog's Hand


You were on level 8 of the Dungeon.
You worshipped Trog.
Trog was most pleased with you.
You visited 1 branch of the dungeon, and saw 8 of its levels.

You collected 464 gold pieces.

Inventory:

Hand Weapons
 a - a +4 hand axe
 b - a +4 morningstar
 M - a +3 heavy battleaxe (weapon)
Missiles
 k - 12 poisoned darts (quivered)
 u - a throwing net
Armour
 i - a +0 cloak (worn)
 z - a +0 plate armour (worn)
 N - a +2 pair of boots (worn)
Jewellery
 C - a +4 ring of protection (left hand)
 G - a ring of resist corrosion (right hand)
Wands
 D - a wand of flame (13)
 F - a wand of digging (7)
 H - a wand of acid (5)
Scrolls
 f - a scroll of brand weapon
 g - a scroll of fog {unknown}
 j - a scroll of immolation {unknown}
 n - a scroll of magic mapping
 q - a scroll of enchant weapon
 r - a scroll of noise {unknown}
 s - a scroll of vulnerability {unknown}
 t - a scroll of amnesia {unknown}
 x - 2 scrolls of poison
 y - 2 scrolls of teleportation
 B - a scroll of fear {unknown}
 L - a scroll of silence {unknown}
Potions
 c - 3 potions of lignification
 d - 2 potions of mutation
 e - 2 potions of cancellation
 h - 2 potions of haste
 l - a potion of attraction {unknown}
 o - 2 potions of might
 p - 3 potions of magic
 w - a potion of flight {unknown}
 A - 4 potions of heal wounds {unknown}
 E - 2 potions of berserk rage {unknown}
 J - 2 potions of invisibility {unknown}
 K - 2 potions of curing {unknown}


   Skills:
 + Level 10.5 Fighting
 + Level 10.4 Axes
 + Level 10.1 Armour
 - Level 2.1 Dodging


You had 8 spell levels left.
You didn't know any spells.
Your spell library was empty.

Dungeon Overview and Level Annotations

Branches:
Dungeon (8/15)             Temple (0/1) D:6
   Lair: D:8-11

Altars:
Dithmenos
Okawaru
Xom
Yredelemnul

Shops:
D:5 [   D:6 [(=


Innate Abilities, Weirdness & Mutations

You have a pair of horns on your head.
You reflexively headbutt those who attack you in melee.


Message History

As you read the scroll labelled GERHAS KAEMUUW, it crumbles to dust.
You feel aware of your surroundings.
You sensed 3 altars, and 1 shop/portal.
It was a scroll of magic mapping.
Throw: 12 darts (poison)
Press: ? - help, Q - select action, (/) - cycle Shift-Dir - straight line, f - you
Okay, then.
As you read the scroll labelled MUGILAEDGHI, it crumbles to dust.
It is a scroll of brand weapon.
Your +2 battleaxe of freezing becomes incredibly heavy!
M - a +2 heavy battleaxe (weapon)
q - 2 scrolls labelled NANAEF PUOCKE (gained 1)
An acid dragon comes into view.
The acid dragon roars!
The acid dragon spits acid at you. The splash of acid hits you! You resist.
As you read the scroll labelled NANAEF PUOCKE, it crumbles to dust.
It is a scroll of enchant weapon.
Your +2 heavy battleaxe glows red for a moment.
Okay, then.
The acid dragon spits acid at you. The splash of acid hits you! You resist.
You hear a shout!
You slash the acid dragon!
The acid dragon is moderately wounded.
The acid dragon spits acid at you. The splash of acid hits you. You resist.
You hit the acid dragon.
The acid dragon is heavily wounded.
The acid dragon completely misses you.
The acid dragon claws you but does no damage.
The acid dragon barely misses you. x2
You slice the acid dragon!!
You kill the acid dragon!
Trog accepts your kill.
You hear the hiss of flowing sand.
There is an entrance to an ossuary on this level.
Hurry and find it before the portal is buried!
Welcome back, cheesebisquit the Minotaur Berserker.
Trog says: Kill them all!
Press ? for a list of commands and other information.
Are you sure you want to abandon this character and quit the game? (Confirm with "yes".)

#....<........#
##............#
##...........#
#..........##
****##.........##
**,,*#........###
*,,..#.......###
**,............###
****
**#..########..@#**
********,,, *,,**
###.†.#***,,,,,,,,,,
*,**
####....,,,,,,,,,,
*** *,.##***,,,,,,,
*,,# **,,,,,,,
*,,****,,,,,,,,
**,,**,,,,,*,,,
*,,*,,,,,,**,,
*,,,,,,,,****,


There were no monsters in sight!

Vanquished Creatures
  Pikel (D:5)
  Grinder (D:5)
  A yak (D:5)
  A steam dragon (D:7)
  Menkaure (D:5)
  An acid dragon (D:8)
  A water moccasin (D:6)
  A centaur (D:6)
  3 ogres
  3 lemures (D:5)
  Blork the orc (D:5)
  A bullfrog (D:7)
  A scorpion (D:7)
  10 wights (D:7)
  4 necrophages
  3 centaur zombies (D:7)
  A bullfrog zombie (D:7)
  3 hounds
  A human zombie (D:7)
  A jelly (D:6)
  2 orc priests
  Crazy Yiuf (D:5)
  3 gnoll boudas
  4 iguanas
  4 orc wizards
  3 mummies (D:7)
  3 howler monkey zombies (D:7)
  7 adders
  23 gnolls
  2 dart slugs (D:3)
  7 orcs
  7 endoplasms
  7 giant cockroaches
  9 goblins
  7 hobgoblins
  7 jackals
  8 kobolds
  2 quokkas
  9 ball pythons
  9 bats
  A frilled lizard (D:3)
  4 rats
169 creatures vanquished.

Notes
Turn   | Place    | Note
-------+----------+-------------------------------------------
     0 | D:1      | cheesebisquit the Minotaur Berserker began the quest for
                  | the Orb.
     0 | D:1      | Reached XP level 1. HP: 19/19 MP: 0/0
    61 | D:1      | Reached XP level 2. HP: 15/27 MP: 1/1
   459 | D:1      | Reached XP level 3. HP: 30/33 MP: 2/2
   611 | D:1      | Reached ** piety under Trog
   991 | D:2      | Reached XP level 4. HP: 41/41 MP: 3/3
  1411 | D:3      | Reached skill level 5 in Fighting
  1411 | D:3      | Reached skill level 5 in Axes
  1411 | D:3      | Reached XP level 5. HP: 11/48 MP: 4/4
  1953 | D:3      | Found a shadowy altar of Dithmenos.
  2395 | D:4      | Reached XP level 6. HP: 49/56 MP: 5/5
  2400 | D:4      | Reached skill level 5 in Armour
  2871 | D:4      | HP: 4/85 [something/magic dart (6)]
  3229 | D:5      | Entered Level 5 of the Dungeon
  3237 | D:5      | Noticed Blork the orc
  3246 | D:5      | Killed Blork the orc
  3247 | D:5      | Reached XP level 7. HP: 63/63 MP: 6/6
  3424 | D:5      | Noticed a yak
  3433 | D:5      | Killed a yak
  3526 | D:5      | Noticed Pikel
  3526 | D:5      | Noticed Grinder
  3543 | D:5      | Killed Pikel
  3544 | D:5      | Reached XP level 8. HP: 70/74 MP: 7/7
  3548 | D:5      | Killed Grinder
  3708 | D:5      | Noticed Menkaure
  3714 | D:5      | Killed Menkaure
  3756 | D:5      | Found a runed translucent door.
  3757 | D:5      | Noticed Crazy Yiuf
  3953 | D:5      | Found Bahram Gur's Dragon-Slaying Spoils.
  4293 | D:5      | Killed Crazy Yiuf
  4384 | D:6      | Found an iron altar of Okawaru.
  4505 | D:6      | Found Kumuy's Jewellery Shoppe.
  4566 | D:6      | Found Mieqohon's Armour Emporium.
  4601 | D:6      | Found a shimmering altar of Xom.
  4698 | D:6      | Found a staircase to the Ecumenical Temple.
  4706 | D:6      | Reached XP level 9. HP: 81/83 MP: 8/8
  4878 | D:6      | Found Xajaatis's Weapon Boutique.
  5378 | D:7      | Reached skill level 10 in Fighting
  5468 | D:7      | Reached skill level 10 in Axes
  5786 | D:7      | Found a basalt altar of Yredelemnul.
  5795 | D:7      | Reached *** piety under Trog
  5796 | D:7      | Reached skill level 10 in Armour
  5983 | D:8      | Upgraded the game from 0.30-a0-782-ge64f9170bb to
                  | 0.30-a0-793-g160f7cfddd
  5983 | D:8      | Quit the game

Illustrated notes

Levels and vault maps discovered:
D:1:      psy_arrival_radial01, layout_loops_ring
D:2:      layout_rooms
D:3:      layout_loops_corners, grunt_dithmenos_smoke_and_mirrors,
          chequers_serial_rivers_marsh, minmay_stone_trees_small
D:4:      layout_basic
D:5:      layout_loops_ring, grunt_ministairs_12, nicolae_shop_dragon_depot,
          kennysheep_generic_room_14, uniq_pikel, uniq_crazy_yiuf_cottage,
          uniq_blork_the_orc, uniq_menkaure, uniq_grinder
D:6:      layout_basic, okawaru_metal_pillars_3, xom_teletrap_fun,
          minmay_temple_entry_ruins, serial_shops, shop, nicolae_diamond_shop,
          shop, nicolae_figureground_pulse
D:7:      layout_loops_ring, lemuel_mausoleum_altar_yredelemnul
D:8:      layout_cave_pods, nicolae_hepliaklqana_ecumenical_no_more,
          ebering_ghost_inner_flame, nicolae_ossuary_entry_ruins

Skill      XL: |  1  2  3  4  5  6  7  8  9 |
---------------+----------------------------+-----
Fighting       | 4 5 6 7 9 10 | 10.5
Axes           | 4 5 6 7 9 10 | 10.4
Armour         | 3 4 5 7 8 10 | 10.1
Dodging        | |  2.1

Action                     |  1- 3 |  4- 6 |  7- 9 || total
---------------------------+-------+-------+-------++-------
  Melee: Hand axe          |    77 |   121 |   188 ||   386
         Headbutt          |    11 |    15 |    52 ||    78
         Unarmed           |       |     6 |       ||     6
         Punch             |       |       |     3 ||     3
         Battleaxe         |       |       |    38 ||    38
  Throw: Dart              |       |     8 |     2 ||    10
         Throwing net      |       |     1 |       ||     1
 Invoke: Trog's Hand       |     1 |     5 |    10 ||    16
         Berserk           |     1 |     5 |     7 ||    13
    Use: Potion            |       |     1 |       ||     1
         Scroll            |       |       |    10 ||    10
   Stab: Sleeping          |     1 |       |       ||     1
 Armour: Animal skin       |    13 |       |       ||    13
         Scale mail        |    17 |    47 |     2 ||    66
         Leather armour    |     2 |       |       ||     2
         Skin              |       |     6 |       ||     6
         Plate armour      |       |       |   118 ||   118
  Dodge: Dodged            |    69 |    73 |    66 ||   208

Table legend: (Time is in decaauts)
 A = Elapsed time spent in this place.
 B = Non-inter-level travel time spent in this place.
 C = Inter-level travel time spent in this place.
 D = Time resting spent in this place.
 E = Time spent auto-exploring this place.
 F = Levels seen in this place.
 G = Mean time per level.
                   A        B        C        D        E       F      G
               +--------+--------+--------+--------+--------+-----+--------+
         Total |   6099 |   5896 |    203 |    348 |   4501 |   8 |  762.4 |
       Dungeon |   6099 |   5896 |    203 |    348 |   4501 |   8 |  762.4 |
               +--------+--------+--------+--------+--------+-----+--------+

Top non-repeatable levels by time:
     D:5: 1201 daAuts
     D:3: 1051 daAuts
     D:7: 953 daAuts
     D:1: 891 daAuts
     D:4: 858 daAuts
     D:6: 577 daAuts
     D:2: 487 daAuts
     D:8: 78 daAuts
